 Dungeon Crawl Stone Soup version 0.18.1-8-gdd0e5ea (webtiles) character file.

65 urechis the Insei (level 4, -2/23 HPs)
             Began as a Vine Stalker Monk on May 28, 2016.
             Slain by Ijyb
             ... wielding a +3 club
              (4 damage)
             ... on level 2 of the Dungeon.
             The game lasted 00:01:24 (992 turns).

urechis the Insei (Vine Stalker Monk)                Turns: 992, Time: 00:01:25

Health: -2/23      AC:  2    Str: 13    XL:     4   Next: 13%
Magic:  0/5        EV: 13    Int: 10    God:
Gold:   88         SH:  0    Dex: 18    Spells: 0 memorised, 3 levels left

rFire  . . .     SeeInvis .       - Unarmed
rCold  . . .     Gourm    .     a - +0 robe
rNeg   . . .     Faith    .     (no shield)
rPois  .         Spirit   +     (no helmet)
rElec  .         Dismiss  .     (no cloak)
rCorr  .         Reflect  .     (no gloves)
SustAt .         Harm     .     (no boots)
MR     .....                    (no amulet)
Stlth  ++........               (no ring)
                                p - ring of wizardry

@: not resistant to hostile enchantments, unstealthy
A: fangs 2, regeneration 1, magic shield, antimagic bite, no device heal 3, rot
immunity
a: no special abilities


You were on level 2 of the Dungeon.
You were not hungry.

You visited 1 branch of the dungeon, and saw 2 of its levels.

You collected 88 gold pieces.

Inventory:

Armour
 a - a +0 robe (worn)
Jewellery
 p - a ring of wizardry (left hand)
Scrolls
 d - a scroll of immolation {unknown}
 f - a scroll of remove curse {unknown}
 g - 3 scrolls of teleportation {unknown}
 k - 2 scrolls of recharging {unknown}
 l - a scroll of identify {unknown}
 m - a scroll of enchant armour {unknown}
Potions
 c - a potion of brilliance {unknown}
 e - a potion of might {unknown}
 h - a potion of berserk rage {unknown}
 i - a potion of beneficial mutation {unknown}
 j - a potion of magic {unknown}
Comestibles
 b - 2 bread rations
 n - a meat ration
 o - 3 chunks of flesh


   Skills:
 - Level 2.6 Fighting
 - Level 2.4 Dodging
 - Level 2.4 Stealth
 + Level 5.5 Unarmed Combat


You had 3 spell levels left.
You didn't know any spells.

Dungeon Overview and Level Annotations

Branches:
Dungeon (2/15)

Altars:
Trog

Annotations:
D:2 Ijyb


Innate Abilities, Weirdness & Mutations

You have extremely sharp teeth.
Your natural rate of healing is unusually fast.
When hurt, damage is shared between your health and your magic reserves.
Your bite disrupts and absorbs the magic of your enemies.
Potions and wands cannot restore your health.
You are immune to rotting.


Message History

Ijyb is heavily wounded.
Ijyb hits you but does no damage.
You hit Ijyb.
Ijyb is severely wounded.
You closely miss Ijyb. Your bite misses Ijyb.
Ijyb is severely wounded.
Ijyb hits you but does no damage.
You hit Ijyb but do no damage. You bite Ijyb. You drain his power.
Ijyb is severely wounded.
Ijyb zaps a wand.
The bolt of lightning hits you!
Ouch! That really hurt!
* * * LOW HITPOINT WARNING * * *
It is a wand of lightning.
You hit Ijyb. Your bite misses Ijyb.
Ijyb is almost dead.
Ijyb closely misses you.
You hit Ijyb but do no damage.
Ijyb is almost dead.
Ijyb hits you with an enchanted club.
You die...

#################
#......#...#..≈≈##
#......'..(').≈≈≈#
#......#...#..≈≈≈##
#''##..#########≈≈#
#...#..........#≈≈#
#...#.....)....'...
#.@.#.....).†..'...
#.g.#..........'...
#...#..........#≈≈(
#...#..#########≈≈(
#...#.(#...#..≈≈≈#.
##+##.((((.)..≈≈≈#.
#####).†#..≈≈##.
#...#####..≈≈###
#..........≈≈#


You could see Ijyb.

Vanquished Creatures
  2 adders (D:2)
  A worm (D:2)
  A giant gecko (D:1)
  3 bats
  2 giant cockroaches
  10 goblins
  3 hobgoblins (D:1)
  4 jackals (D:2)
  5 giant newts
  6 kobolds
  4 rats
41 creatures vanquished.

Notes
Turn   | Place    | Note
--------------------------------------------------------------
     0 | D:1      | urechis the Vine Stalker Monk began the quest for the Orb.
     0 | D:1      | Reached XP level 1. HP: 11/11 MP: 2/2
   137 | D:1      | Reached XP level 2. HP: 16/16 MP: 3/3
   544 | D:2      | Reached skill level 5 in Unarmed Combat
   544 | D:2      | Reached XP level 3. HP: 16/19 MP: 4/4
   742 | D:2      | Found a bloodstained altar of Trog.
   902 | D:2      | Reached XP level 4. HP: 23/23 MP: 5/5
   978 | D:2      | Noticed Ijyb
   992 | D:2      | Slain by Ijyb

Skill      XL: |  1  2 |
---------------+-------+-----
Unarmed Combat | 5 |  5.5
Fighting       | |  2.6
Dodging        | |  2.4
Stealth        | |  2.4

Action                   |  1- 3 |  4- 6 || total
-------------------------+-------+-------++-------
Melee: Unarmed           |    82 |    19 ||   101
       Bite              |    20 |     7 ||    27
       Punch             |     2 |       ||     2
 Stab: Sleeping          |     8 |       ||     8
Armor: Robe              |    12 |       ||    12
Dodge: Dodged            |    59 |     6 ||    65
